WCHLSIM.com - West Coast Hockey League
html PUBLIC "-//W3C//DTD XHTML 1.0 Transitional//EN" "http://www.w3.org/TR/xhtml1/DTD/xhtml1-transitional.dtd"> WCHL - Game 265 - LOS ANGELES SEALS vs SALEM BLACK JAYS

LOS ANGELES SEALS vs SALEM BLACK JAYS

Created - 19 novembre 2023 at 22:14

Goals
1 2 3 T
LOS ANGELES SEALS 0 0 0 0
SALEM BLACK JAYS 1 1 1 3
Shots
1 2 3 T
LOS ANGELES SEALS 7 11 12 30
SALEM BLACK JAYS 7 6 9 22

1st period

1. SALEM BLACK JAYS , Mitchell Marner 8 (Joshua Morrissey 11, Mikko Rantanen 15) at 10:48

Penalties :
Jonathan Audy-Marchessault (LOS) for Holding (Minor) at 6:09, Cody Ceci (SAL) for Hooking (Minor) at 17:55

2nd period

2. SALEM BLACK JAYS , Daniel Sprong 3 (Dylan Cozens 7, Matt Benning 5) at 12:09

Penalties :
Jonathan Audy-Marchessault (LOS) for Hooking (Minor) at 5:16

3rd period

3. SALEM BLACK JAYS , Cody Ceci 2 (Dylan Larkin 9, Barrett Hayton 6) at 3:55

Penalties :
Matt Benning (SAL) for Interference (Minor) at 7:12, Gustav Forsling (LOS) for Hooking (Minor) at 19:55

Goalie Stats

Carter Hart (LOS), 19 saves from 22 shots - (0,864), L, 10-7-0, 60:00 minutes
Juuse Saros (SAL), 30 saves from 30 shots - (1,000), W, 11-6-1, 60:00 minutes

Players Stats for LOS ANGELES SEALS

Player Name              G  A  P  +/- PIM S  H  SB GA TA FO     MP     PP MP  PK MP  
------------------------------------------------------------------------------------
Alex Goligoski           0  0  0   0  0   0  1  0  0  0  0/0    13:48   0:00   0:04 
Ben Chiarot              0  0  0  -2  0   0  1  0  0  0  0/0    19:03   0:00   2:02 
Brandon Carlo            0  0  0   0  0   2  2  0  0  0  0/0    18:18   0:00   2:00 
Claude Giroux            0  0  0  -1  0   2  0  0  0  0  5/7    20:21   2:19   0:00 
David Krejci             0  0  0  -1  0   4  3  0  0  0  5/17   19:41   1:39   0:00 
Drew Doughty             0  0  0  -1  0   2  3  0  0  0  0/0    23:03   2:20   2:02 
Gustav Forsling          0  0  0  -1  2   1  1  1  0  0  0/0    24:48   1:38   1:56 
Jake Evans               0  0  0   0  0   0  0  0  0  0  0/0     7:27   0:00   1:52 
Jonathan Audy-Marchessau 0  0  0   0  4   3  1  1  0  0  0/0    16:51   1:39   0:00 
Mason McTavish           0  0  0   0  0   0  0  0  0  0  2/6     5:35   0:00   0:00 
Matthew Boldy            0  0  0   0  0   2  1  0  0  0  0/1    17:33   2:19   0:00 
Mikael Backlund          0  0  0   0  0   2  0  0  0  0  11/21  19:03   1:39   2:10 
Nick Bonino              0  0  0  -2  0   2  0  0  0  0  1/1    15:09   0:00   2:00 
Nikita Kucherov          0  0  0  -1  0   3  0  0  0  0  0/0    20:21   2:19   0:00 
Noah Cates               0  0  0   0  0   0  1  0  0  0  0/1     7:27   0:00   1:52 
Noah Dobson              0  0  0  -2  0   1  0  1  0  0  0/0    19:21   2:20   0:00 
Owen Tippett             0  0  0  -2  0   5  1  0  0  0  0/1    14:47   1:38   0:00 
Philip Tomasino          0  0  0  -2  0   1  0  0  0  0  6/9    13:19   0:00   0:10 

Players Stats for SALEM BLACK JAYS

Player Name              G  A  P  +/- PIM S  H  SB GA TA FO     MP     PP MP  PK MP  
------------------------------------------------------------------------------------
Barrett Hayton           0  1  1   1  0   1  2  0  0  0  0/1    18:42   0:50   1:35 
Cody Ceci                1  0  1   1  2   1  1  0  0  0  0/0    19:37   0:54   1:19 
Colin Miller             0  0  0   1  0   0  0  0  0  0  0/0    15:26   0:42   0:47 
Daniel Sprong            1  0  1   1  0   2  0  0  0  0  0/0    12:07   0:00   0:00 
Dylan Cozens             0  1  1   1  0   1  0  0  0  0  6/13   13:39   1:32   0:00 
Dylan Larkin             0  1  1   1  0   2  0  0  0  0  9/15   17:26   1:09   0:00 
Filip Chytil             0  0  0   0  0   3  1  0  0  0  2/6     5:33   0:59   0:00 
Josh Archibald           0  0  0   1  0   0  1  0  0  0  0/1    13:42   0:00   1:35 
Joshua Morrissey         0  1  1   1  0   1  2  1  0  0  0/0    24:56   2:26   1:52 
Martin Necas             0  0  0   1  0   3  0  0  0  0  0/1    18:40   0:00   2:23 
Mathew Barzal            0  0  0   1  0   0  1  0  0  0  10/14  20:34   1:32   0:00 
Matt Benning             0  1  1   1  2   0  0  2  0  0  0/0    14:55   0:59   0:00 
Maxime Comtois           0  0  0   0  0   0  1  0  0  0  0/0     4:34   0:00   0:00 
Mikko Rantanen           0  1  1   1  0   4  2  1  0  0  0/2    21:32   2:30   0:00 
Mitchell Marner          1  0  1   1  0   3  1  0  0  0  2/3    21:32   2:30   0:00 
Nick Jensen              0  0  0   1  0   0  0  1  0  0  0/0    24:39   2:09   1:52 
Scott Mayfield           0  0  0   1  0   0  1  1  0  0  0/0    20:25   0:54   2:06 
Theodor Blueger          0  0  0   0  0   1  2  0  0  0  5/8     8:01   1:04   2:23 

3 Stars

1 - Juuse Saros (SAL)
2 - Mitchell Marner (SAL)
3 - Daniel Sprong (SAL)

Power Play

LOS ANGELES SEALS - 0 on 2 Attempt(s) - 0,00%
SALEM BLACK JAYS - 0 on 3 Attempt(s) - 0,00%

Penalty Kill

LOS ANGELES SEALS - 3 on 3 Attempt(s) - 100,00% - Score 0 goal in Penalty Kill
SALEM BLACK JAYS - 2 on 2 Attempt(s) - 100,00% - Score 0 goal in Penalty Kill

Team Stat

LOS ANGELES SEALS - Hits : 15 - Faceoff Wins : 30 - Blocked Shots : 3 - Penalty Minutes : 6
SALEM BLACK JAYS - Hits : 15 - Faceoff Wins : 34 - Blocked Shots : 6 - Penalty Minutes : 4

Official

Referees : Michael Markovic and Steve Kozari
Linesman : Glen Cooke and Kyle Flemington

Game Notes

No Game Note

Finance

Level 1 -- Attendance: 6000 (100,00%) -- Ticket Income 918 000 $
Level 2 -- Attendance: 5000 (100,00%) -- Ticket Income 535 000 $
Level 3 -- Attendance: 2000 (100,00%) -- Ticket Income 162 000 $
Level 4 -- Attendance: 4000 (100,00%) -- Ticket Income 232 000 $
Luxury Box -- Attendance: 979 (97,90%) -- Ticket Income 272 162 $
Game was played at the Demon Arena.
Total Attendance: 17979 (99,88%)
Total Ticket Income: 2 119 162 $
Other Expense: 21 192 $
Total Income: 2 097 970 $

LOS ANGELES SEALS

5 vs 5 Forward 
   Center                   Left Wing                Right Wing               Time % Phy DF OF 
 1 David Krejci             Claude Giroux            Nikita Kucherov          36     0   2  3  
 2 Mikael Backlund          Jonathan Audy-MarchessaulMatthew Boldy            31     0   2  3  
 3 Philip Tomasino          Nick Bonino              Owen Tippett             26     0   2  3  
 4 Mason McTavish           Noah Cates               Jake Evans               7      0   4  1  

5 vs 5 Defense 
   Defense                  Defense                                           Time % Phy DF OF 
 1 Drew Doughty             Gustav Forsling                                   36     0   2  3  
 2 Noah Dobson              Ben Chiarot                                       31     0   2  3  
 3 Brandon Carlo            Alex Goligoski                                    23     1   3  1  
 4 Brandon Carlo            Gustav Forsling                                   10     1   3  1  

PowerPlay Forward 
   Center                   Left Wing                Right Wing               Time % Phy DF OF 
 1 Claude Giroux            Matthew Boldy            Nikita Kucherov          55     0   0  5  
 2 David Krejci             Jonathan Audy-MarchessaulMikael Backlund          45     0   0  5  

PowerPlay Defense
   Defense                  Defense                                           Time % Phy DF OF 
 1 Drew Doughty             Noah Dobson                                       55     0   0  5  
 2 Gustav Forsling          Owen Tippett                                      45     0   0  5  

Penalty Kill 4 Players Forward 
   Center                   Wing                     Time % Phy DF OF 
 1 Mikael Backlund          Nick Bonino              55     0   5  0  
 2 Jake Evans               Noah Cates               45     0   5  0  

Penalty Kill 4 Players Defense
   Defense                  Defense                  Time % Phy DF OF 
 1 Brandon Carlo            Gustav Forsling          55     0   5  0  
 2 Drew Doughty             Ben Chiarot              45     0   5  0  

Penalty Kill - 3 Players Forward 
   Forward                                           Time % Phy DF OF 
 1 Mikael Backlund                                   55     0   5  0  
 2 Jake Evans                                        45     0   5  0  

Penalty Kill - 3 Players Defense
   Defense                  Defense                  Time % Phy DF OF 
 1 Drew Doughty             Gustav Forsling          55     0   5  0  
 2 Brandon Carlo            Ben Chiarot              45     0   5  0  

4 vs 4 Forward 
   Center                   Wing                     Time % Phy DF OF 
 1 Nikita Kucherov          Claude Giroux            55     1   2  2  
 2 David Krejci             Mikael Backlund          45     1   2  2  

4 vs 4 Defense
   Defense                  Defense                  Time % Phy DF OF 
 1 Drew Doughty             Gustav Forsling          55     1   2  2  
 2 Noah Dobson              Ben Chiarot              45     1   2  2  

Last Minutes Offensive
   Center                   Left Wing                Right Wing               Defense                  Defense                  
   Claude Giroux            Nick Bonino              Nikita Kucherov          Drew Doughty             Gustav Forsling          

Last Minutes Defensive
   Center                   Left Wing                Right Wing               Defense                  Defense                  
   Claude Giroux            Nick Bonino              Nikita Kucherov          Drew Doughty             Gustav Forsling          

Goaltenders
Starting : Carter Hart              
Backup : Daniel Vladar            

Extra Forwards
Normal : Matthew Boldy, Owen Tippett, Noah Cates - PP : Matthew Boldy, Owen Tippett - PK : Noah Cates
Extra Defensemen
Normal : Brandon Carlo, Alex Goligoski, Noah Dobson - PP : Brandon Carlo - PK : Alex Goligoski, Noah Dobson
Penalty Shots
Nikita Kucherov, Claude Giroux, David Krejci, Jonathan Audy-Marchessault, Matthew Boldy
Custom OT Lines Forwards
Nikita Kucherov, Claude Giroux, David Krejci, Mikael Backlund, Nick Bonino, Jake Evans, Jonathan Audy-Marchessault, Matthew Boldy, Owen Tippett, Noah Cates
Custom OT Lines Defensemen
Drew Doughty, Gustav Forsling, Noah Dobson, Ben Chiarot, Brandon Carlo

Scratches
Connor Brown (Healthy), Dylan Strome (Healthy)

SALEM BLACK JAYS

5 vs 5 Forward 
   Center                   Left Wing                Right Wing               Time % Phy DF OF 
 1 Mathew Barzal            Mikko Rantanen           Mitchell Marner          36     1   2  2  
 2 Dylan Larkin             Barrett Hayton           Martin Necas             31     1   2  2  
 3 Dylan Cozens             Daniel Sprong            Josh Archibald           23     1   2  2  
 4 Filip Chytil             Maxime Comtois           Theodor Blueger          10     1   2  2  

5 vs 5 Defense 
   Defense                  Defense                                           Time % Phy DF OF 
 1 Joshua Morrissey         Nick Jensen                                       36     1   2  2  
 2 Scott Mayfield           Cody Ceci                                         31     1   2  2  
 3 Matt Benning             Colin Miller                                      23     1   2  2  
 4 Joshua Morrissey         Nick Jensen                                       10     1   2  2  

PowerPlay Forward 
   Center                   Left Wing                Right Wing               Time % Phy DF OF 
 1 Dylan Larkin             Mikko Rantanen           Mitchell Marner          55     1   2  2  
 2 Dylan Cozens             Barrett Hayton           Mathew Barzal            45     1   2  2  

PowerPlay Defense
   Defense                  Defense                                           Time % Phy DF OF 
 1 Joshua Morrissey         Nick Jensen                                       55     1   2  2  
 2 Scott Mayfield           Cody Ceci                                         45     1   2  2  

Penalty Kill 4 Players Forward 
   Center                   Wing                     Time % Phy DF OF 
 1 Theodor Blueger          Martin Necas             55     1   2  2  
 2 Barrett Hayton           Josh Archibald           45     1   2  2  

Penalty Kill 4 Players Defense
   Defense                  Defense                  Time % Phy DF OF 
 1 Joshua Morrissey         Nick Jensen              55     1   2  2  
 2 Scott Mayfield           Cody Ceci                45     1   2  2  

Penalty Kill - 3 Players Forward 
   Forward                                           Time % Phy DF OF 
 1 Theodor Blueger                                   55     1   2  2  
 2 Martin Necas                                      45     1   2  2  

Penalty Kill - 3 Players Defense
   Defense                  Defense                  Time % Phy DF OF 
 1 Joshua Morrissey         Nick Jensen              55     1   2  2  
 2 Scott Mayfield           Cody Ceci                45     1   2  2  

4 vs 4 Forward 
   Center                   Wing                     Time % Phy DF OF 
 1 Mikko Rantanen           Mitchell Marner          55     1   2  2  
 2 Dylan Larkin             Martin Necas             45     1   2  2  

4 vs 4 Defense
   Defense                  Defense                  Time % Phy DF OF 
 1 Joshua Morrissey         Nick Jensen              55     1   2  2  
 2 Scott Mayfield           Cody Ceci                45     1   2  2  

Last Minutes Offensive
   Center                   Left Wing                Right Wing               Defense                  Defense                  
   Mikko Rantanen           Barrett Hayton           Mitchell Marner          Joshua Morrissey         Nick Jensen              

Last Minutes Defensive
   Center                   Left Wing                Right Wing               Defense                  Defense                  
   Mikko Rantanen           Barrett Hayton           Mitchell Marner          Joshua Morrissey         Nick Jensen              

Goaltenders
Starting : Juuse Saros              
Backup : Anthony Stolarz          

Extra Forwards
Normal : Filip Chytil, Theodor Blueger, Mathew Barzal - PP : Filip Chytil, Theodor Blueger - PK : Mathew Barzal
Extra Defensemen
Normal : Matt Benning, Colin Miller, Scott Mayfield - PP : Matt Benning - PK : Colin Miller, Scott Mayfield
Penalty Shots
Mikko Rantanen, Mitchell Marner, Dylan Larkin, Martin Necas, Mathew Barzal
Custom OT Lines Forwards
Mikko Rantanen, Mitchell Marner, Dylan Larkin, Martin Necas, Mathew Barzal, Dylan Cozens, Barrett Hayton, Filip Chytil, Daniel Sprong, Theodor Blueger
Custom OT Lines Defensemen
Joshua Morrissey, Nick Jensen, Scott Mayfield, Cody Ceci, Matt Benning

Scratches
Josh Brown (Healthy), Marcus Bjork (Healthy)

% Time on Ice - LOS ANGELES SEALS

Lines # - Real PCT - Wanted PCT - Time Play
Normal Forward
1 - 35% - 36% - 18:02
2 - 29% - 31% - 15:14
3 - 25% - 26% - 13:09
4 - 11% - 7% - 5:35
Normal Defense
1 - 36% - 36% - 18:41
2 - 33% - 31% - 17:01
3 - 26% - 23% - 13:22
4 - 6% - 10% - 2:56
PP Forward
1 - 58% - 55% - 2:19
2 - 42% - 45% - 1:39
PP Defense
1 - 59% - 55% - 2:20
2 - 41% - 45% - 1:38
PK Forward
1 - 54% - 55% - 2:10
2 - 46% - 45% - 1:52
PK Defense
1 - 50% - 55% - 2:00
2 - 50% - 45% - 2:02
PK3 Forward
1 - 0% - 55%
2 - 0% - 45%
PK3 Defense
1 - 0% - 55%
2 - 0% - 45%
44 Forward
1 - 0% - 55%
2 - 0% - 45%
44 Defense
1 - 0% - 55%
2 - 0% - 45%
Last Minute Offensive  - 0:00
Last Minute Defensive  - 0:00
Total
Forward - 60:00
Defense - 60:00

% Time on Ice - SALEM BLACK JAYS

Lines # - Real PCT - Wanted PCT - Time Play
Normal Forward
1 - 37% - 36% - 19:02
2 - 31% - 31% - 16:17
3 - 23% - 23% - 12:07
4 - 9% - 10% - 4:34
Normal Defense
1 - 34% - 36% - 17:46
2 - 33% - 31% - 17:25
3 - 27% - 23% - 13:57
4 - 6% - 10% - 2:52
PP Forward
1 - 62% - 55% - 2:30
2 - 38% - 45% - 1:32
PP Defense
1 - 78% - 55% - 3:08
2 - 22% - 45% - 0:54
PK Forward
1 - 60% - 55% - 2:23
2 - 40% - 45% - 1:35
PK Defense
1 - 47% - 55% - 1:52
2 - 53% - 45% - 2:06
PK3 Forward
1 - 0% - 55%
2 - 0% - 45%
PK3 Defense
1 - 0% - 55%
2 - 0% - 45%
44 Forward
1 - 0% - 55%
2 - 0% - 45%
44 Defense
1 - 0% - 55%
2 - 0% - 45%
Last Minute Offensive  - 0:00
Last Minute Defensive  - 0:00
Total
Forward - 60:00
Defense - 60:00

Play-by-Play

1st period


0:01 of 1st period - David Krejci wins face-off versus Mikko Rantanen in neutral zone.
0:01 of 1st period - Claude Giroux is hit by Mathew Barzal and loses puck.
1:25 of 1st period - Shot by Dylan Larkin.
1:25 of 1st period - Shot Misses the Net.
1:27 of 1st period - Shot by Martin Necas.
1:27 of 1st period - Shot Misses the Net.
1:43 of 1st period - Shot by Dylan Larkin.
1:43 of 1st period - Stopped by Carter Hart without a rebound.
1:44 of 1st period - Philip Tomasino wins face-off versus Dylan Cozens in LOS ANGELES SEALS zone.
2:45 of 1st period - Ben Chiarot is hit by Josh Archibald.
2:46 of 1st period - Icing by Ben Chiarot.
2:47 of 1st period - Filip Chytil wins face-off versus Mason McTavish in LOS ANGELES SEALS zone.
3:11 of 1st period - Shot by Filip Chytil.
3:11 of 1st period - Stopped by Carter Hart with a rebound.
3:15 of 1st period - Shot by Filip Chytil.
3:15 of 1st period - Stopped by Carter Hart with a rebound.
4:09 of 1st period - Shot by Dylan Larkin.
4:09 of 1st period - Shot Blocked by Gustav Forsling.
4:31 of 1st period - Shot by Nikita Kucherov.
4:31 of 1st period - Shot Misses the Net.
4:33 of 1st period - Shot by Claude Giroux.
4:33 of 1st period - Shot Misses the Net.
4:35 of 1st period - Shot by Brandon Carlo.
4:35 of 1st period - Shot Misses the Net.
4:37 of 1st period - Shot by David Krejci.
4:37 of 1st period - Shot Misses the Net.
5:28 of 1st period - Shot by Owen Tippett.
5:28 of 1st period - Stopped by Juuse Saros with a rebound.
5:30 of 1st period - Shot by Owen Tippett.
5:30 of 1st period - Deflect By Nick Bonino.
5:30 of 1st period - Shot Blocked by Scott Mayfield.
5:53 of 1st period - Cody Ceci is hit by Owen Tippett.
6:02 of 1st period - Icing by Scott Mayfield.
6:03 of 1st period - Mikael Backlund wins face-off versus Dylan Larkin in SALEM BLACK JAYS zone.
6:09 of 1st period - Minor Penalty to Jonathan Audy-Marchessault for Holding.
6:10 of 1st period - Mikael Backlund wins face-off versus Filip Chytil in LOS ANGELES SEALS zone.
6:10 of 1st period - Mikael Backlund is hit by Filip Chytil.
7:09 of 1st period - Noah Cates is hit by Theodor Blueger.
7:25 of 1st period - Jake Evans is hit by Theodor Blueger and loses puck.
7:30 of 1st period - Shot by Dylan Cozens.
7:30 of 1st period - Shot Misses the Net.
7:46 of 1st period - Shot by Mikael Backlund.
7:46 of 1st period - Deflect By Philip Tomasino.
7:46 of 1st period - Stopped by Juuse Saros without a rebound.
7:47 of 1st period - Theodor Blueger wins face-off versus Mikael Backlund in SALEM BLACK JAYS zone.
7:56 of 1st period - Shot by Mitchell Marner.
7:56 of 1st period - Stopped by Carter Hart with a rebound.
8:16 of 1st period - Shot by Daniel Sprong.
8:16 of 1st period - Stopped by Carter Hart without a rebound.
8:17 of 1st period - Claude Giroux wins face-off versus Dylan Cozens in LOS ANGELES SEALS zone.
9:17 of 1st period - Off-side.
9:18 of 1st period - Philip Tomasino wins face-off versus Dylan Larkin in neutral zone.
10:46 of 1st period - Shot by Mitchell Marner.
10:46 of 1st period - Shot Misses the Net.
10:48 of 1st period - Shot by Mitchell Marner.
10:48 of 1st period - Goal by Mitchell Marner - LOS ANGELES SEALS : 0 - SALEM BLACK JAYS : 1.
10:49 of 1st period - Dylan Cozens wins face-off versus Mikael Backlund in neutral zone.
12:11 of 1st period - Shot by Theodor Blueger.
12:11 of 1st period - Stopped by Carter Hart without a rebound.
12:12 of 1st period - Mathew Barzal wins face-off versus Mason McTavish in LOS ANGELES SEALS zone.
12:48 of 1st period - Shot by Mitchell Marner.
12:48 of 1st period - Shot Hit the Post.
13:01 of 1st period - Noah Cates is hit by Mitchell Marner and loses puck.
13:13 of 1st period - Icing by Mitchell Marner.
13:14 of 1st period - David Krejci wins face-off versus Mathew Barzal in SALEM BLACK JAYS zone.
13:55 of 1st period - Shot by Nikita Kucherov.
13:55 of 1st period - Stopped by Juuse Saros without a rebound.
13:56 of 1st period - Dylan Larkin wins face-off versus Mikael Backlund in SALEM BLACK JAYS zone.
13:56 of 1st period - Dylan Larkin is hit by Jonathan Audy-Marchessault.
14:14 of 1st period - Shot by Mikael Backlund.
14:14 of 1st period - Shot Misses the Net.
14:45 of 1st period - Dylan Larkin is hit by Brandon Carlo and loses puck.
14:56 of 1st period - Colin Miller is hit by Matthew Boldy and loses puck.
15:00 of 1st period - Icing by Colin Miller.
15:01 of 1st period - David Krejci wins face-off versus Dylan Cozens in SALEM BLACK JAYS zone.
16:35 of 1st period - Shot by Owen Tippett.
16:35 of 1st period - Shot Blocked by Nick Jensen.
17:06 of 1st period - Icing by Cody Ceci.
17:07 of 1st period - Dylan Larkin wins face-off versus Mikael Backlund in SALEM BLACK JAYS zone.
17:34 of 1st period - Icing by Scott Mayfield.
17:35 of 1st period - Dylan Larkin wins face-off versus Mason McTavish in SALEM BLACK JAYS zone.
17:35 of 1st period - Barrett Hayton is hit by Noah Cates and loses puck.
17:55 of 1st period - Minor Penalty to Cody Ceci for Hooking.
17:56 of 1st period - Theodor Blueger wins face-off versus Claude Giroux in SALEM BLACK JAYS zone.
18:09 of 1st period - Shot by Drew Doughty.
18:09 of 1st period - Stopped by Juuse Saros with a rebound.
18:11 of 1st period - Shot by Noah Dobson.
18:11 of 1st period - Stopped by Juuse Saros without a rebound.
18:12 of 1st period - Theodor Blueger wins face-off versus David Krejci in SALEM BLACK JAYS zone.
18:39 of 1st period - Shot by Owen Tippett.
18:39 of 1st period - Shot Blocked by Joshua Morrissey.
18:47 of 1st period - Shot by Owen Tippett.
18:47 of 1st period - Stopped by Juuse Saros without a rebound.
18:48 of 1st period - Claude Giroux wins face-off versus Theodor Blueger in SALEM BLACK JAYS zone.
19:00 of 1st period - Icing by Noah Dobson.
19:01 of 1st period - Claude Giroux wins face-off versus Theodor Blueger in LOS ANGELES SEALS zone.
19:22 of 1st period - Shot by Claude Giroux.
19:22 of 1st period - Shot Misses the Net.
19:24 of 1st period - Shot by Matthew Boldy.
19:24 of 1st period - Stopped by Juuse Saros with a rebound.
19:26 of 1st period - Shot by Drew Doughty.
19:26 of 1st period - Shot Misses the Net.
Goals for this period are 0 for LOS ANGELES SEALS vs 1 for SALEM BLACK JAYS.
Shots for this period are 7 for LOS ANGELES SEALS vs 7 for SALEM BLACK JAYS.

2nd period


0:01 of 2nd period - Mitchell Marner wins face-off versus David Krejci in neutral zone.
0:01 of 2nd period - Joshua Morrissey is hit by David Krejci.
0:49 of 2nd period - Shot by Mitchell Marner.
0:49 of 2nd period - Shot Misses the Net.
1:09 of 2nd period - Shot by Jonathan Audy-Marchessault.
1:09 of 2nd period - Stopped by Juuse Saros with a rebound.
1:15 of 2nd period - Shot by Jonathan Audy-Marchessault.
1:15 of 2nd period - Stopped by Juuse Saros with a rebound.
2:07 of 2nd period - Shot by Nick Bonino.
2:07 of 2nd period - Deflect By Owen Tippett.
2:07 of 2nd period - Shot Misses the Net.
2:21 of 2nd period - Shot by Philip Tomasino.
2:21 of 2nd period - Deflect By Owen Tippett.
2:21 of 2nd period - Stopped by Juuse Saros with a rebound.
2:23 of 2nd period - Shot by Nick Bonino.
2:23 of 2nd period - Shot Blocked by Matt Benning.
4:11 of 2nd period - Shot by Dylan Larkin.
4:11 of 2nd period - Shot Misses the Net.
4:13 of 2nd period - Shot by Cody Ceci.
4:13 of 2nd period - Shot Misses the Net.
5:03 of 2nd period - Icing by Ben Chiarot.
5:04 of 2nd period - Mikael Backlund wins face-off versus Filip Chytil in LOS ANGELES SEALS zone.
5:04 of 2nd period - Noah Dobson is hit by Maxime Comtois and loses puck.
5:16 of 2nd period - Minor Penalty to Jonathan Audy-Marchessault for Hooking.
5:17 of 2nd period - Dylan Larkin wins face-off versus Mikael Backlund in LOS ANGELES SEALS zone.
5:18 of 2nd period - Shot by Mitchell Marner.
5:18 of 2nd period - Shot Misses the Net.
5:20 of 2nd period - Shot by Mitchell Marner.
5:20 of 2nd period - Stopped by Carter Hart without a rebound.
5:21 of 2nd period - Mikael Backlund wins face-off versus Dylan Larkin in LOS ANGELES SEALS zone.
6:13 of 2nd period - Dylan Cozens is hit by Drew Doughty and loses puck.
6:35 of 2nd period - Mathew Barzal is hit by Drew Doughty and loses puck.
7:11 of 2nd period - Off-side.
7:12 of 2nd period - Mikael Backlund wins face-off versus Filip Chytil in neutral zone.
7:37 of 2nd period - Theodor Blueger is hit by David Krejci and loses puck.
7:44 of 2nd period - Shot by David Krejci.
7:44 of 2nd period - Stopped by Juuse Saros with a rebound.
7:46 of 2nd period - Shot by Nikita Kucherov.
7:46 of 2nd period - Shot Misses the Net.
7:50 of 2nd period - Shot by Claude Giroux.
7:50 of 2nd period - Stopped by Juuse Saros with a rebound.
7:54 of 2nd period - Shot by Nikita Kucherov.
7:54 of 2nd period - Stopped by Juuse Saros without a rebound.
7:55 of 2nd period - Mathew Barzal wins face-off versus Mikael Backlund in SALEM BLACK JAYS zone.
8:23 of 2nd period - Shot by Jonathan Audy-Marchessault.
8:23 of 2nd period - Stopped by Juuse Saros without a rebound.
8:24 of 2nd period - Philip Tomasino wins face-off versus Dylan Larkin in SALEM BLACK JAYS zone.
9:07 of 2nd period - Ben Chiarot is hit by Barrett Hayton and loses puck.
9:15 of 2nd period - Icing by Noah Dobson.
9:16 of 2nd period - Mathew Barzal wins face-off versus Owen Tippett in LOS ANGELES SEALS zone.
9:23 of 2nd period - Shot by Mitchell Marner.
9:23 of 2nd period - Shot Misses the Net.
9:31 of 2nd period - Shot by Mikko Rantanen.
9:31 of 2nd period - Stopped by Carter Hart without a rebound.
9:32 of 2nd period - Dylan Cozens wins face-off versus Mikael Backlund in LOS ANGELES SEALS zone.
9:52 of 2nd period - Off-side.
9:53 of 2nd period - Mathew Barzal wins face-off versus David Krejci in neutral zone.
10:38 of 2nd period - Mitchell Marner is hit by David Krejci and loses puck.
10:45 of 2nd period - Brandon Carlo is hit by Mikko Rantanen and loses puck.
10:53 of 2nd period - Icing by Brandon Carlo.
10:54 of 2nd period - Dylan Larkin wins face-off versus David Krejci in LOS ANGELES SEALS zone.
10:55 of 2nd period - Shot by Joshua Morrissey.
10:55 of 2nd period - Stopped by Carter Hart without a rebound.
10:56 of 2nd period - Mikael Backlund wins face-off versus Martin Necas in LOS ANGELES SEALS zone.
11:39 of 2nd period - Shot by Mikael Backlund.
11:39 of 2nd period - Stopped by Juuse Saros with a rebound.
12:03 of 2nd period - Shot by Daniel Sprong.
12:03 of 2nd period - Shot Misses the Net.
12:09 of 2nd period - Shot by Daniel Sprong.
12:09 of 2nd period - Goal by Daniel Sprong - LOS ANGELES SEALS : 0 - SALEM BLACK JAYS : 2.
12:10 of 2nd period - Mathew Barzal wins face-off versus David Krejci in neutral zone.
12:49 of 2nd period - Off-side.
12:50 of 2nd period - Nick Bonino wins face-off versus Dylan Cozens in neutral zone.
12:52 of 2nd period - Owen Tippett is hit by Joshua Morrissey and loses puck.
13:59 of 2nd period - Shot by Martin Necas.
13:59 of 2nd period - Stopped by Carter Hart without a rebound.
14:00 of 2nd period - Mikael Backlund wins face-off versus Mikko Rantanen in LOS ANGELES SEALS zone.
14:00 of 2nd period - Mikael Backlund is hit by Mikko Rantanen.
14:31 of 2nd period - Shot by Mikael Backlund.
14:31 of 2nd period - Stopped by Juuse Saros without a rebound.
14:32 of 2nd period - David Krejci wins face-off versus Dylan Larkin in SALEM BLACK JAYS zone.
14:32 of 2nd period - David Krejci is hit by Joshua Morrissey.
15:00 of 2nd period - Shot by Barrett Hayton.
15:00 of 2nd period - Deflect By Dylan Larkin.
15:00 of 2nd period - Shot Blocked by Noah Dobson.
15:04 of 2nd period - Shot by Martin Necas.
15:04 of 2nd period - Stopped by Carter Hart without a rebound.
15:05 of 2nd period - Mikael Backlund wins face-off versus Mitchell Marner in LOS ANGELES SEALS zone.
15:21 of 2nd period - Shot by Jonathan Audy-Marchessault.
15:21 of 2nd period - Shot Misses the Net.
15:23 of 2nd period - Shot by Drew Doughty.
15:23 of 2nd period - Stopped by Juuse Saros without a rebound.
15:24 of 2nd period - Philip Tomasino wins face-off versus Dylan Cozens in SALEM BLACK JAYS zone.
16:31 of 2nd period - Icing by Claude Giroux.
16:32 of 2nd period - David Krejci wins face-off versus Mathew Barzal in LOS ANGELES SEALS zone.
16:42 of 2nd period - Off-side.
16:43 of 2nd period - Mikael Backlund wins face-off versus Mathew Barzal in neutral zone.
17:50 of 2nd period - Shot by Martin Necas.
17:50 of 2nd period - Shot Misses the Net.
18:09 of 2nd period - Martin Necas is hit by Gustav Forsling and loses puck.
18:24 of 2nd period - Shot by David Krejci.
18:24 of 2nd period - Stopped by Juuse Saros without a rebound.
18:25 of 2nd period - Filip Chytil wins face-off versus Philip Tomasino in SALEM BLACK JAYS zone.
18:39 of 2nd period - Theodor Blueger is hit by Drew Doughty and loses puck.
18:51 of 2nd period - Icing by Drew Doughty.
18:52 of 2nd period - Philip Tomasino wins face-off versus Dylan Cozens in LOS ANGELES SEALS zone.
19:27 of 2nd period - Icing by Dylan Cozens.
19:28 of 2nd period - Dylan Cozens wins face-off versus David Krejci in SALEM BLACK JAYS zone.
Goals for this period are 0 for LOS ANGELES SEALS vs 1 for SALEM BLACK JAYS.
Shots for this period are 11 for LOS ANGELES SEALS vs 6 for SALEM BLACK JAYS.

3rd period


0:01 of 3rd period - Mathew Barzal wins face-off versus David Krejci in neutral zone.
0:12 of 3rd period - Shot by Mikko Rantanen.
0:12 of 3rd period - Stopped by Carter Hart with a rebound.
0:22 of 3rd period - Shot by David Krejci.
0:22 of 3rd period - Shot Misses the Net.
2:04 of 3rd period - Shot by Owen Tippett.
2:04 of 3rd period - Stopped by Juuse Saros without a rebound.
2:05 of 3rd period - Mason McTavish wins face-off versus Filip Chytil in SALEM BLACK JAYS zone.
2:05 of 3rd period - Mason McTavish is hit by Scott Mayfield.
2:40 of 3rd period - Theodor Blueger is hit by Brandon Carlo and loses puck.
2:45 of 3rd period - Shot by Filip Chytil.
2:45 of 3rd period - Stopped by Carter Hart without a rebound.
2:46 of 3rd period - Mitchell Marner wins face-off versus David Krejci in LOS ANGELES SEALS zone.
3:33 of 3rd period - Shot by Mitchell Marner.
3:33 of 3rd period - Deflect By Mikko Rantanen.
3:33 of 3rd period - Stopped by Carter Hart with a rebound.
3:47 of 3rd period - Shot by Barrett Hayton.
3:47 of 3rd period - Shot Misses the Net.
3:49 of 3rd period - Shot by Dylan Larkin.
3:49 of 3rd period - Shot Misses the Net.
3:53 of 3rd period - Shot by Dylan Larkin.
3:53 of 3rd period - Shot Misses the Net.
3:55 of 3rd period - Shot by Cody Ceci.
3:55 of 3rd period - Goal by Cody Ceci - LOS ANGELES SEALS : 0 - SALEM BLACK JAYS : 3.
3:56 of 3rd period - Dylan Cozens wins face-off versus Mikael Backlund in neutral zone.
4:07 of 3rd period - Shot by Daniel Sprong.
4:07 of 3rd period - Shot Misses the Net.
6:04 of 3rd period - Shot by Owen Tippett.
6:04 of 3rd period - Stopped by Juuse Saros with a rebound.
6:06 of 3rd period - Shot by Brandon Carlo.
6:06 of 3rd period - Stopped by Juuse Saros with a rebound.
6:08 of 3rd period - Shot by Nick Bonino.
6:08 of 3rd period - Shot Misses the Net.
7:09 of 3rd period - Shot by Nikita Kucherov.
7:09 of 3rd period - Deflect By David Krejci.
7:09 of 3rd period - Stopped by Juuse Saros without a rebound.
7:10 of 3rd period - Mason McTavish wins face-off versus Dylan Cozens in SALEM BLACK JAYS zone.
7:12 of 3rd period - Minor Penalty to Matt Benning for Interference.
7:13 of 3rd period - Claude Giroux wins face-off versus Theodor Blueger in SALEM BLACK JAYS zone.
8:23 of 3rd period - Shot by David Krejci.
8:23 of 3rd period - Stopped by Juuse Saros without a rebound.
8:24 of 3rd period - Claude Giroux wins face-off versus Barrett Hayton in SALEM BLACK JAYS zone.
8:48 of 3rd period - Shot by Nikita Kucherov.
8:48 of 3rd period - Stopped by Juuse Saros without a rebound.
8:49 of 3rd period - Theodor Blueger wins face-off versus David Krejci in SALEM BLACK JAYS zone.
8:59 of 3rd period - Icing by Drew Doughty.
9:00 of 3rd period - Theodor Blueger wins face-off versus David Krejci in LOS ANGELES SEALS zone.
9:01 of 3rd period - Shot by Martin Necas.
9:01 of 3rd period - Shot Misses the Net.
9:22 of 3rd period - Mitchell Marner is hit by Alex Goligoski and loses puck.
9:27 of 3rd period - Shot by Mikko Rantanen.
9:27 of 3rd period - Stopped by Carter Hart without a rebound.
9:28 of 3rd period - Dylan Larkin wins face-off versus Mason McTavish in LOS ANGELES SEALS zone.
9:29 of 3rd period - Shot by Martin Necas.
9:29 of 3rd period - Shot Misses the Net.
9:32 of 3rd period - Icing by Drew Doughty.
9:33 of 3rd period - Mathew Barzal wins face-off versus Noah Cates in LOS ANGELES SEALS zone.
9:44 of 3rd period - Shot by Mitchell Marner.
9:44 of 3rd period - Deflect By Mikko Rantanen.
9:44 of 3rd period - Shot Misses the Net.
9:54 of 3rd period - Shot by Noah Cates.
9:54 of 3rd period - Shot Misses the Net.
9:56 of 3rd period - Shot by Gustav Forsling.
9:56 of 3rd period - Stopped by Juuse Saros without a rebound.
9:57 of 3rd period - Dylan Larkin wins face-off versus Claude Giroux in SALEM BLACK JAYS zone.
10:04 of 3rd period - Shot by Martin Necas.
10:04 of 3rd period - Stopped by Carter Hart without a rebound.
10:05 of 3rd period - Mathew Barzal wins face-off versus David Krejci in LOS ANGELES SEALS zone.
10:33 of 3rd period - Shot by Mikko Rantanen.
10:33 of 3rd period - Shot Misses the Net.
10:35 of 3rd period - Shot by Mitchell Marner.
10:35 of 3rd period - Shot Misses the Net.
11:40 of 3rd period - Shot by Martin Necas.
11:40 of 3rd period - Shot Misses the Net.
11:42 of 3rd period - Shot by Dylan Larkin.
11:42 of 3rd period - Shot Misses the Net.
12:27 of 3rd period - Shot by Josh Archibald.
12:27 of 3rd period - Deflect By Dylan Cozens.
12:27 of 3rd period - Stopped by Carter Hart without a rebound.
12:28 of 3rd period - Philip Tomasino wins face-off versus Mathew Barzal in LOS ANGELES SEALS zone.
12:54 of 3rd period - Shot by Owen Tippett.
12:54 of 3rd period - Shot Blocked by Mikko Rantanen.
12:56 of 3rd period - Shot by Nick Bonino.
12:56 of 3rd period - Shot Misses the Net.
12:58 of 3rd period - Shot by Owen Tippett.
12:58 of 3rd period - Shot Misses the Net.
13:06 of 3rd period - Shot by Owen Tippett.
13:06 of 3rd period - Shot Misses the Net.
13:08 of 3rd period - Shot by Nick Bonino.
13:08 of 3rd period - Stopped by Juuse Saros with a rebound.
13:10 of 3rd period - Shot by Brandon Carlo.
13:10 of 3rd period - Stopped by Juuse Saros with a rebound.
13:17 of 3rd period - Icing by Nick Jensen.
13:18 of 3rd period - Mathew Barzal wins face-off versus Matthew Boldy in SALEM BLACK JAYS zone.
13:30 of 3rd period - Mikko Rantanen is hit by Ben Chiarot and loses puck.
13:48 of 3rd period - Shot by Matthew Boldy.
13:48 of 3rd period - Shot Misses the Net.
14:34 of 3rd period - Shot by Dylan Larkin.
14:34 of 3rd period - Stopped by Carter Hart without a rebound.
14:35 of 3rd period - Dylan Cozens wins face-off versus Philip Tomasino in LOS ANGELES SEALS zone.
14:38 of 3rd period - Shot by Dylan Cozens.
14:38 of 3rd period - Shot Misses the Net.
15:12 of 3rd period - Shot by Owen Tippett.
15:12 of 3rd period - Shot Misses the Net.
15:14 of 3rd period - Shot by Nick Bonino.
15:14 of 3rd period - Stopped by Juuse Saros without a rebound.
15:15 of 3rd period - Mikael Backlund wins face-off versus Dylan Larkin in SALEM BLACK JAYS zone.
15:39 of 3rd period - Shot by Barrett Hayton.
15:39 of 3rd period - Shot Blocked by Jonathan Audy-Marchessault.
16:02 of 3rd period - Ben Chiarot is hit by Barrett Hayton and loses puck.
16:53 of 3rd period - Shot by Claude Giroux.
16:53 of 3rd period - Shot Blocked by Matt Benning.
16:55 of 3rd period - Shot by Claude Giroux.
16:55 of 3rd period - Stopped by Juuse Saros without a rebound.
16:56 of 3rd period - Mathew Barzal wins face-off versus Philip Tomasino in SALEM BLACK JAYS zone.
18:23 of 3rd period - Jake Evans is hit by Cody Ceci and loses puck.
18:34 of 3rd period - Shot by Barrett Hayton.
18:34 of 3rd period - Stopped by Carter Hart without a rebound.
18:35 of 3rd period - Dylan Cozens wins face-off versus David Krejci in LOS ANGELES SEALS zone.
18:46 of 3rd period - Shot by Noah Dobson.
18:46 of 3rd period - Shot Misses the Net.
19:29 of 3rd period - Icing by Matt Benning.
19:30 of 3rd period - Mikael Backlund wins face-off versus Josh Archibald in SALEM BLACK JAYS zone.
19:31 of 3rd period - Shot by Matthew Boldy.
19:31 of 3rd period - Stopped by Juuse Saros without a rebound.
19:32 of 3rd period - Dylan Larkin wins face-off versus Mikael Backlund in SALEM BLACK JAYS zone.
19:55 of 3rd period - Minor Penalty to Gustav Forsling for Hooking.
19:56 of 3rd period - Dylan Larkin wins face-off versus Mikael Backlund in LOS ANGELES SEALS zone.
Goals for this period are 0 for LOS ANGELES SEALS vs 1 for SALEM BLACK JAYS.
Shots for this period are 12 for LOS ANGELES SEALS vs 9 for SALEM BLACK JAYS.


BLAKE
WHEELER
STEVEN
STAMKOS
DREW
DOUGHTY

EAST COAST

HOCKEY LEAGUE

  • 63.RHI2PIT5
  • 64.WOR4ATL3
  • 65.QUECHW
  • 66.CHATRV